| TOP OF THE 1ST |
|
Texas Rangers batting - Pitching for Oakland Athletics : RHP Taek-gyun Kym
|
|
Pitching: RHP Taek-gyun Kym
|
|
|
Batting: RHB Rich Stinson
|
0-0: Called Strike 0-1: Swinging Strike 0-2: Ball 1-2: Fly out, F6 (Flyball, 56D, EV 92.5 MPH)
|
|
Batting: SHB John Giesbrecht
|
0-0: Ball 1-0: Called Strike 1-1: Ball 2-1: Foul Ball, location: 2F 2-2: Fly out, F8 (Flyball, 8LD, EV 101.9 MPH)
|
|
Batting: RHB David Casas
|
0-0: Fly out, F9 (Line Drive, 9D, EV 111.9 MPH)
|
| Top of the 1st over - 0 runs, 0 hits, 0 errors, 0 left on base; Texas 0 - Oakland 0 |
| BOTTOM OF THE 1ST |
|
Oakland Athletics batting - Pitching for Texas Rangers : RHP Kelly Goosecock
|
|
Pitching: RHP Kelly Goosecock
|
|
|
Batting: RHB Muneo Kawachi
|
0-0: Ground out 6-3 (Groundball, 6, EV 85.0 MPH)
|
|
Batting: RHB Philip Jansen
|
0-0: Ball 1-0: Called Strike 1-1: Foul Ball, location: 2F 1-2: Ball 2-2: Strikes out looking
|
|
Batting: LHB Nate Dean
|
0-0: Foul Ball, location: 2F 0-1: Called Strike 0-2: Ball 1-2: DOUBLE (Line Drive, 9LD, EV 100.6 MPH)
|
|
Batting: LHB Sakae Kasahara
|
0-0: Ball 1-0: Ball 2-0: Foul Ball, location: 2F 2-1: Called Strike 2-2: Fly out, F9 (Flyball, 9LM, EV 98.8 MPH)
|
| Bottom of the 1st over - 0 runs, 1 hit, 0 errors, 1 left on base; Texas 0 - Oakland 0 |
| TOP OF THE 2ND |
|
Texas Rangers batting - Pitching for Oakland Athletics : RHP Taek-gyun Kym
|
|
Batting: SHB Jun Tsuda
|
0-0: Called Strike 0-1: Called Strike 0-2: Ball 1-2: Ground out 6-3 (Groundball, 4, EV 101.3 MPH)
|
|
Batting: LHB Da Vo
|
0-0: Ball 1-0: Ground out 5-3 (Groundball, 56, EV 105.0 MPH)
|
|
Batting: RHB Bert Clark
|
0-0: Called Strike 0-1: Ball 1-1: Fly out, F8 (Flyball, 8RXD, EV 96.3 MPH)
|
| Top of the 2nd over - 0 runs, 0 hits, 0 errors, 0 left on base; Texas 0 - Oakland 0 |
| BOTTOM OF THE 2ND |
|
Oakland Athletics batting - Pitching for Texas Rangers : RHP Kelly Goosecock
|
|
Batting: SHB Robert Handy
|
0-0: SINGLE (Line Drive, 34D, EV 94.4 MPH)
|
|
Batting: LHB George Leary
|
0-0: Called Strike 0-1: Called Strike 0-2: Ball 1-2: Strikes out looking
|
|
Batting: SHB Ryan Langlois
|
0-0: Foul Ball, location: 2F 0-1: Swinging Strike 0-2: Strikes out looking
|
|
Batting: RHB Justin McQuarter
|
0-0: Ball 1-0: Foul Ball, location: 2F 1-1: DOUBLE (Flyball, 89XD, EV 105.0 MPH) Robert Handy to third
|
|
Batting: RHB Danny Murillo
|
0-0: Foul Ball, location: 2F 0-1: Ball 1-1: Ball 2-1: Swinging Strike 2-2: Strikes out looking
|
| Bottom of the 2nd over - 0 runs, 2 hits, 0 errors, 2 left on base; Texas 0 - Oakland 0 |
| TOP OF THE 3RD |
|
Texas Rangers batting - Pitching for Oakland Athletics : RHP Taek-gyun Kym
|
|
Batting: RHB Edwin Madrid
|
0-0: Foul Ball, location: 2F 0-1: Foul Ball, location: 2F 0-2: Foul Ball, location: 2F 0-2: Fly out, F9 (Line Drive, 9, EV 93.8 MPH)
|
|
Batting: RHB Casey Semenza
|
0-0: Foul Ball, location: 2F 0-1: Ball 1-1: Called Strike 1-2: Ball 2-2: SOLO HOME RUN (Flyball, 7D, EV 104.4 MPH), Distance : 382 ft
|
|
Batting: RHB Alex Sandoval
|
0-0: Called Strike 0-1: Ground out 4-3 (Groundball, 4, EV 102.5 MPH)
|
|
Batting: RHB Rich Stinson
|
0-0: Called Strike 0-1: Foul Ball, location: 2F 0-2: TRIPLE (Line Drive, 89XD, EV 106.3 MPH)
|
|
Batting: SHB John Giesbrecht
|
0-0: Ball 1-0: Ball 2-0: DOUBLE (Line Drive, 9LS, EV 106.3 MPH) Rich Stinson scores
|
|
Batting: RHB David Casas
|
0-0: Ground out 5-3 (Groundball, 5, EV 83.1 MPH)
|
| Top of the 3rd over - 2 runs, 3 hits, 0 errors, 1 left on base; Texas 2 - Oakland 0 |
| BOTTOM OF THE 3RD |
|
Oakland Athletics batting - Pitching for Texas Rangers : RHP Kelly Goosecock
|
|
Batting: RHB Muneo Kawachi
|
0-0: Called Strike 0-1: Swinging Strike 0-2: Hit by Pitch
|
|
Batting: RHB Philip Jansen
|
0-0: Swinging Strike 0-1: Ball 1-1: Ball 2-1: Foul Ball, location: 2F 2-2: Ball 3-2: Strikes out swinging Muneo Kawachi is caught stealing 2nd base 2-4 Batter strikes out.
|
|
Batting: LHB Nate Dean
|
0-0: Foul Ball, location: 2F 0-1: Swinging Strike 0-2: Ball 1-2: Strikes out swinging
|
| Bottom of the 3rd over - 0 runs, 0 hits, 0 errors, 0 left on base; Texas 2 - Oakland 0 |
| TOP OF THE 4TH |
|
Texas Rangers batting - Pitching for Oakland Athletics : RHP Taek-gyun Kym
|
|
Batting: SHB Jun Tsuda
|
0-0: Ball 1-0: Called Strike 1-1: Ball 2-1: Ball 3-1: Base on Balls
|
|
Batting: LHB Da Vo
|
0-0: Ball 1-0: Ball 2-0: Foul Ball, location: 2F 2-1: Ball 3-1: Grounds into double play, 4-6-3 (Groundball, 4, EV 81.3 MPH)
|
|
Batting: RHB Bert Clark
|
0-0: Ball 1-0: Called Strike 1-1: Ball 2-1: Foul Ball, location: 2F 2-2: Foul Ball, location: 2F 2-2: Ground out 3-1 (Groundball, 34S, EV 80.0 MPH)
|
| Top of the 4th over - 0 runs, 0 hits, 0 errors, 0 left on base; Texas 2 - Oakland 0 |
| BOTTOM OF THE 4TH |
|
Oakland Athletics batting - Pitching for Texas Rangers : RHP Kelly Goosecock
|
|
Batting: LHB Sakae Kasahara
|
0-0: SOLO HOME RUN (Flyball, 8RXD, EV 109.4 MPH), Distance : 404 ft
|
|
Batting: SHB Robert Handy
|
0-0: Fly out, F9 (Line Drive, 9, EV 93.8 MPH)
|
|
Batting: LHB George Leary
|
0-0: Ball 1-0: Ball 2-0: Called Strike 2-1: Foul Ball, location: 2F 2-2: Ground out 4-3 (Groundball, 4, EV 102.5 MPH)
|
|
Batting: SHB Ryan Langlois
|
0-0: Ball 1-0: Ground out 2-3 (Groundball, 13S, EV 68.1 MPH)
|
| Bottom of the 4th over - 1 run, 1 hit, 0 errors, 0 left on base; Texas 2 - Oakland 1 |
| TOP OF THE 5TH |
|
Texas Rangers batting - Pitching for Oakland Athletics : RHP Taek-gyun Kym
|
|
Batting: RHB Edwin Madrid
|
0-0: Ball 1-0: Ball 2-0: Foul Ball, location: 2F 2-1: Foul Ball, location: 2F 2-2: Foul Ball, location: 2F 2-2: Foul Ball, location: 2F 2-2: Ball 3-2: Fly out, F5 (Popup, 56, EV 58.8 MPH)
|
|
Batting: RHB Casey Semenza
|
0-0: Called Strike 0-1: Ball 1-1: Ball 2-1: Foul Ball, location: 2F 2-2: Foul Ball, location: 2F 2-2: Foul Ball, location: 2F 2-2: Ball 3-2: Foul Ball, location: 2F 3-2: Foul Ball, location: 2F 3-2: Base on Balls
|
|
Batting: RHB Alex Sandoval
|
0-0: Called Strike Casey Semenza steals 2nd base 0-1: Ground out 5-3 (Groundball, 56S, EV 88.8 MPH)
|
|
Batting: RHB Rich Stinson
|
0-0: Fly out, F8 (Flyball, 8RD, EV 99.4 MPH)
|
| Top of the 5th over - 0 runs, 0 hits, 0 errors, 1 left on base; Texas 2 - Oakland 1 |
| BOTTOM OF THE 5TH |
|
Oakland Athletics batting - Pitching for Texas Rangers : RHP Kelly Goosecock
|
|
Batting: RHB Justin McQuarter
|
0-0: Called Strike 0-1: Ball 1-1: Called Strike 1-2: Ball 2-2: Foul Ball, location: 2F 2-2: Foul Ball, location: 2F 2-2: Foul Ball, location: 2F 2-2: Strikes out swinging
|
|
Batting: RHB Danny Murillo
|
0-0: Ball 1-0: Swinging Strike 1-1: Bunt for hit to 23 - play at first, batter OUT! 3-4
|
|
Batting: RHB Muneo Kawachi
|
0-0: Ball 1-0: Foul Ball, location: 2F 1-1: Foul Ball, location: 2F 1-2: Strikes out swinging
|
| Bottom of the 5th over - 0 runs, 0 hits, 0 errors, 0 left on base; Texas 2 - Oakland 1 |
| TOP OF THE 6TH |
|
Texas Rangers batting - Pitching for Oakland Athletics : RHP Taek-gyun Kym
|
|
Batting: SHB John Giesbrecht
|
0-0: Called Strike 0-1: Ball 1-1: SINGLE (Groundball, 6D, EV 99.4 MPH)
|
|
Batting: RHB David Casas
|
0-0: Ball 1-0: Foul Ball, location: 2F 1-1: SINGLE (Groundball, 6MD, EV 108.1 MPH) John Giesbrecht to second Throwing error, E8 John Giesbrecht scores David Casas to second
|
|
Batting: SHB Jun Tsuda
|
0-0: Ball 1-0: Foul Ball, location: 2F 1-1: Ball 2-1: Ball 3-1: Foul Ball, location: 2F 3-2: 2-RUN HOME RUN (Line Drive, 7LD, EV 95.6 MPH), Distance : 362 ft
|
|
Batting: LHB Da Vo
|
0-0: Called Strike 0-1: Swinging Strike 0-2: Strikes out swinging
|
|
Batting: RHB Bert Clark
|
0-0: Ball 1-0: Ground out 6-3 (Groundball, 6, EV 103.8 MPH)
|
|
Batting: RHB Edwin Madrid
|
0-0: Foul Ball, location: 2F 0-1: Swinging Strike 0-2: Strikes out looking
|
| Top of the 6th over - 3 runs, 3 hits, 1 error, 0 left on base; Texas 5 - Oakland 1 |
| BOTTOM OF THE 6TH |
|
Oakland Athletics batting - Pitching for Texas Rangers : RHP Kelly Goosecock
|
|
Batting: RHB Philip Jansen
|
0-0: Swinging Strike 0-1: Ball 1-1: Called Strike 1-2: Strikes out swinging
|
|
Batting: LHB Nate Dean
|
0-0: Ball 1-0: Called Strike 1-1: Swinging Strike 1-2: Ball 2-2: Strikes out swinging
|
|
Batting: LHB Sakae Kasahara
|
0-0: Ball 1-0: Ball 2-0: SINGLE (Line Drive, 4D, EV 100.0 MPH)
|
|
Batting: SHB Robert Handy
|
0-0: Ball 1-0: Called Strike 1-1: Called Strike 1-2: Ball 2-2: Ball 3-2: Foul Ball, location: 2F 3-2: Ground out 4-3 (Groundball, 4, EV 96.9 MPH)
|
| Bottom of the 6th over - 0 runs, 1 hit, 0 errors, 1 left on base; Texas 5 - Oakland 1 |
| TOP OF THE 7TH |
|
Texas Rangers batting - Pitching for Oakland Athletics : RHP Taek-gyun Kym
|
|
Pitching: RHP Eric Stevenson
|
|
|
Batting: RHB Casey Semenza
|
0-0: Hit by Pitch
|
|
Batting: RHB Alex Sandoval
|
0-0: Sac Bunt to P - play at first, batter OUT! 1-3 Casey Semenza to second
|
|
Batting: RHB Rich Stinson
|
0-0: Ball Casey Semenza steals 3rd base 1-0: Ground out 6-3 (Groundball, 6D, EV 81.3 MPH) Casey Semenza scores
|
|
Batting: SHB John Giesbrecht
|
0-0: Foul Ball, location: 2F 0-1: Called Strike 0-2: Ball 1-2: Ball 2-2: Strikes out swinging
|
| Top of the 7th over - 1 run, 0 hits, 0 errors, 0 left on base; Texas 6 - Oakland 1 |
| BOTTOM OF THE 7TH |
|
Oakland Athletics batting - Pitching for Texas Rangers : RHP Kelly Goosecock
|
|
Batting: LHB George Leary
|
0-0: Called Strike 0-1: Swinging Strike 0-2: Ball 1-2: Foul Ball, location: 2F 1-2: Strikes out swinging
|
|
Batting: SHB Ryan Langlois
|
0-0: Foul Ball, location: 2F 0-1: Foul Ball, location: 2F 0-2: Ball 1-2: Ball 2-2: Strikes out looking
|
|
Batting: RHB Justin McQuarter
|
0-0: Ball 1-0: Fly out, F8 (Flyball, 89M, EV 78.1 MPH)
|
| Bottom of the 7th over - 0 runs, 0 hits, 0 errors, 0 left on base; Texas 6 - Oakland 1 |
| TOP OF THE 8TH |
|
Texas Rangers batting - Pitching for Oakland Athletics : RHP Eric Stevenson
|
|
Batting: RHB David Casas
|
0-0: Called Strike 0-1: Ball 1-1: Ball 2-1: Foul Ball, location: 2F 2-2: Ball 3-2: Foul Ball, location: 2F 3-2: Base on Balls
|
|
Batting: SHB Jun Tsuda
|
0-0: Called Strike 0-1: Called Strike 0-2: Ball 1-2: Foul Ball, location: 2F 1-2: Ball 2-2: Strikes out swinging
|
|
Batting: LHB Da Vo
|
0-0: Ball 1-0: Called Strike 1-1: Foul Ball, location: 2F 1-2: Foul Ball, location: 2F 1-2: Foul Ball, location: 2F 1-2: Ball 2-2: Ball 3-2: Base on Balls David Casas to second
|
|
Batting: RHB Bert Clark
|
0-0: Swinging Strike 0-1: Fly out, F6 (Popup, 6M, EV 61.3 MPH)
|
|
Batting: RHB Edwin Madrid
|
0-0: Ball 1-0: Ball 2-0: Swinging Strike 2-1: Ball 3-1: Base on Balls David Casas to third Da Vo to second
|
|
Batting: RHB Casey Semenza
|
0-0: Called Strike 0-1: Ball 1-1: Foul Ball, location: 2F 1-2: Ball 2-2: Ball 3-2: Base on Balls David Casas scores Da Vo to third Edwin Madrid to second
|
|
Batting: RHB Alex Sandoval
|
0-0: Fly out, F8 (Flyball, 89D, EV 110.0 MPH)
|
| Top of the 8th over - 1 run, 0 hits, 0 errors, 3 left on base; Texas 7 - Oakland 1 |
| BOTTOM OF THE 8TH |
|
Oakland Athletics batting - Pitching for Texas Rangers : RHP Kelly Goosecock
|
|
Batting: RHB Danny Murillo
|
0-0: Called Strike 0-1: Called Strike 0-2: Strikes out looking
|
|
Batting: RHB Muneo Kawachi
|
0-0: Ground out 6-3 (Groundball, 6, EV 104.4 MPH)
|
|
Batting: RHB Philip Jansen
|
0-0: Ball 1-0: SINGLE (Groundball, 6D, EV 110.6 MPH)
|
|
Pitching: RHP Mike Webb
|
|
|
Batting: LHB Nate Dean
|
0-0: Called Strike 0-1: Swinging Strike 0-2: Ball 1-2: Ball 2-2: Foul Ball, location: 2F 2-2: Ball 3-2: Base on Balls Philip Jansen to second
|
|
Batting: LHB Sakae Kasahara
|
0-0: Ball 1-0: SINGLE (Groundball, 56, EV 98.1 MPH) (infield hit) Philip Jansen to third Nate Dean to second
|
|
Batting: SHB Robert Handy
|
0-0: Called Strike 0-1: Ball 1-1: Foul Ball, location: 2F 1-2: Ball 2-2: Foul Ball, location: 2F 2-2: Ball 3-2: Foul Ball, location: 2F 3-2: Strikes out swinging
|
| Bottom of the 8th over - 0 runs, 2 hits, 0 errors, 3 left on base; Texas 7 - Oakland 1 |
| TOP OF THE 9TH |
|
Texas Rangers batting - Pitching for Oakland Athletics : RHP Eric Stevenson
|
|
Batting: RHB Rich Stinson
|
0-0: Swinging Strike 0-1: Ground out 5-3 (Groundball, 56, EV 91.9 MPH)
|
|
Batting: SHB John Giesbrecht
|
0-0: Called Strike 0-1: Ball 1-1: Foul Ball, location: 2F 1-2: Ball 2-2: Foul Ball, location: 2F 2-2: Fly out, F9 (Flyball, 9D, EV 89.4 MPH)
|
|
Batting: RHB David Casas
|
0-0: Called Strike 0-1: Fly out, F9 (Line Drive, 9, EV 92.5 MPH)
|
| Top of the 9th over - 0 runs, 0 hits, 0 errors, 0 left on base; Texas 7 - Oakland 1 |
| BOTTOM OF THE 9TH |
|
Oakland Athletics batting - Pitching for Texas Rangers : RHP Mike Webb
|
|
Now at 1B: Johan de Vries
|
|
|
Batting: LHB George Leary
|
0-0: Called Strike 0-1: Swinging Strike 0-2: Strikes out looking
|
|
Batting: SHB Ryan Langlois
|
0-0: Swinging Strike 0-1: Ball 1-1: Swinging Strike 1-2: Ball 2-2: Foul Ball, location: 2F 2-2: Strikes out looking
|
|
Batting: RHB Justin McQuarter
|
0-0: Ground out 5-3 (Groundball, 56, EV 89.4 MPH)
|
| Bottom of the 9th over - 0 runs, 0 hits, 0 errors, 0 left on base; Texas 7 - Oakland 1 |
|